[Event "ICCopen2017"]
[Site "Internet Chess Club"]
[Date "2017.03.26"]
[Round "1"]
[White "Morad-Magdy"]
[Black "rugsy"]
[Result "0-1"]
[ICCResult "White forfeits on time"]
[WhiteElo "2025"]
[BlackElo "1434"]
[Opening "Old Benoni defense"]
[ECO "A43"]
[NIC "OI.09"]
[Time "19:01:53"]
[TimeControl "180+0"]

1. d4 c5 2. d5 d6 3. c4 e5 4. dxe6 f5 5. Nc3 Bxe6 6. Nf3 Nf6 7. Bg5 Be7 8.
e3 Nc6 9. Bd3 O-O 10. O-O g6 11. a3 Ne5 12. b3 Rc8 13. Be2 a6 14. Bf4 Kg7
15. Ng5 Bg8 16. h3 h6 17. Nf3 g5 18. Bxe5 dxe5 19. Nxe5 Qxd1 20. Rfxd1 Rcd8
21. Bf3 b6 22. Rxd8 Rxd8 23. Nc6 Rd7 24. Rd1 Rxd1+ 25. Nxd1 Kf8 26. Nb8 a5
27. Nc3 Be6 28. Na4 Bd8 29. Nc6 Bc7 30. Na7 Ke7 31. Nb5 Bd8 32. Kf1 Ne4 33.
Ke2 Bf7 34. Nac3 Nxc3+ 35. Nxc3 Be8 36. Nd5+ Kd6 37. g4 fxg4 38. Bxg4 Bf7
39. Nc3 Bf6 40. Ne4+ Ke5 41. Nxf6 Kxf6 42. Kd3 h5 43. Bf3 Ke5 44. Bc6 Bg6+
45. Ke2 Bc2 46. Ba4 h4 47. Kf3 Bd1+ 48. Kg2 Ke4 49. Bc6+ Kd3 50. Bf3 Bxb3
51. e4 Bxc4 52. e5 Kd4 53. Bd1 Be6 54. Bc2 Kc3 55. Be4 Kb2 56. a4 Kb3 57.
Kf3 Kxa4 58. Ke3 Kb3 59. Bg6 a4 60. Bd3 a3 61. Bb1 Kb2 62. Bd3 a2 63. Ke4
a1=Q 64. Be2 Kc1 65. Kf3 Qxe5 66. Kg2 Qxe2 67. Kg1 Qg4+ 68. hxg4 Kd2 69. Kg2
Ke2 70. f3 Kd3 71. Kg1 Kd4 72. Kg2 Kd3 73. f4 Kd4 {White forfeits on time}
0-1

[Event "ICCopen2017"]
[Site "Internet Chess Club"]
[Date "2017.03.26"]
[Round "1"]
[White "YHWH"]
[Black "bspurt"]
[Result "1-0"]
[ICCResult "Black forfeits on time"]
[WhiteElo "1510"]
[BlackElo "2066"]
[Opening "Queen's pawn game"]
[ECO "E20"]
[NIC "QP.07"]
[Time "19:02:25"]
[TimeControl "180+0"]

1. d4 Nf6 2. c4 e6 3. Nc3 b6 4. Bg5 Be7 5. f3 d5 6. e4 dxe4 7. fxe4 O-O 8.
Nf3 Bb7 9. Bd3 h6 10. Bh4 Nfd7 11. Bf2 c5 12. d5 e5 13. O-O a6 14. Be3 Bd6
15. Qe1 Qe7 16. Qg3 Kh8 17. Nh4 g5 18. Nf5 Qf6 19. Qh3 Kh7 20. Nxd6 Qxd6 21.
Bxg5 Qg6 22. Be3 Bc8 23. Rf3 Nf6 24. Qh4 Bg4 25. Rxf6 Qg7 26. Rxh6+ Kg8 27.
h3 Ra7 28. Qxg4 Qxg4 29. hxg4 Kg7 30. Rh5 f6 31. Rf5 {Black forfeits on
time} 1-0

[Event "ICCopen2017"]
[Site "Internet Chess Club"]
[Date "2017.03.26"]
[Round "1"]
[White "Kiketf"]
[Black "giantwood"]
[Result "1-0"]
[ICCResult "Black checkmated"]
[WhiteElo "1936"]
[BlackElo "1343"]
[Opening "Ruy Lopez: closed, Pilnik variation"]
[ECO "C90"]
[NIC "RL.19"]
[Time "19:02:42"]
[TimeControl "180+0"]

1. e4 e5 2. Nf3 Nc6 3. Bb5 a6 4. Ba4 Nf6 5. O-O b5 6. Bb3 Be7 7. Re1 d6 8.
c3 O-O 9. d3 Bg4 10. Nbd2 Qd7 11. Nf1 Rfe8 12. h3 Bh5 13. Ng3 Bg6 14. Be3
Rab8 15. Nh4 Bf8 16. Nhf5 Ne7 17. Nxe7+ Bxe7 18. Qf3 c5 19. Red1 a5 20. Bc2
b4 21. Rd2 bxc3 22. bxc3 Rb7 23. Bb3 Reb8 24. Kh2 a4 25. Bc4 a3 26. Rad1 Rb1
27. Bb3 Rxd1 28. Qxd1 Qb7 29. f3 Qa7 30. d4 cxd4 31. cxd4 exd4 32. Bxd4 Qc7
33. Rc2 Qd7 34. Qc1 Qa7 35. Bxa7 Ra8 36. Rc8+ Rxc8 37. Qxc8+ Bf8 38. Bd4 h6
39. Bxf6 gxf6 40. Nf5 h5 41. Nxd6 Kg7 42. Ne8+ Kg8 43. Nxf6+ Kg7 44. Nd7 Kh6
45. Qxf8+ Kg5 46. Qe7+ Kf4 47. Qe5+ Ke3 48. Qc3+ Ke2 49. Bc4+ Kd1 50. Nc5 f5
51. Nb3 f4 52. Qd2# {Black checkmated} 1-0

[Event "ICCopen2017"]
[Site "Internet Chess Club"]
[Date "2017.03.26"]
[Round "1"]
[White "MrNobody84"]
[Black "chabotheking"]
[Result "0-1"]
[ICCResult "White forfeits on time"]
[WhiteElo "1668"]
[BlackElo "2480"]
[Opening "Van't Kruijs opening"]
[ECO "A00"]
[Time "19:02:14"]
[TimeControl "180+0"]

1. e3 e5 2. d4 Nc6 3. c4 Bb4+ 4. Bd2 Qe7 5. d5 Nb8 6. Nc3 Nf6 7. a3 Bxc3 8.
Bxc3 O-O 9. Bd3 d6 10. Ne2 a5 11. h3 a4 12. Bc2 Bd7 13. g4 Ne8 14. Ng3 Na6
15. Bxa4 Bxa4 16. Qxa4 Nc5 17. Nf5 Qg5 18. Qxa8 g6 19. h4 Qf6 20. Nh6+ Kg7
21. g5 Qf3 22. Rh2 c6 23. Qd8 cxd5 24. b4 Nd3+ 25. Kd2 dxc4 26. Rf1 Qd5 27.
Kc2 Qe4 28. Kd2 Qd5 29. Kc2 Nxb4+ 30. axb4 Qd3+ 31. Kb2 Qe2+ 32. Kc1 Qxf1+
33. Kb2 Qd3 34. Ka2 Qxc3 35. h5 Qb3+ 36. Ka1 c3 37. f4 c2 38. Rxc2 Qxc2 39.
f5 gxf5 40. Qd7 Nf6 41. Nxf5+ Kh8 42. gxf6 Ra8+ {White forfeits on time} 0-1

[Event "ICCopen2017"]
[Site "Internet Chess Club"]
[Date "2017.03.26"]
[Round "1"]
[White "flashlight"]
[Black "Harmony1957"]
[Result "0-1"]
[ICCResult "White forfeits on time"]
[WhiteElo "2031"]
[BlackElo "1740"]
[Opening "Queen's pawn: Torre attack"]
[ECO "A45"]
[NIC "QP.04"]
[Time "19:02:02"]
[TimeControl "180+0"]

1. d4 Nf6 2. Bg5 e6 3. Nf3 c5 4. e3 h6 5. Bh4 Qb6 6. Nbd2 d5 7. Qc1 Nc6 8.
c3 Bd7 9. Bd3 Rc8 10. Qb1 Be7 11. O-O g5 12. Bg3 Nh5 13. Re1 Nxg3 14. hxg3
g4 15. dxc5 Bxc5 16. Nd4 h5 17. b4 Be7 18. a3 h4 19. gxh4 Bxh4 20. g3 Bg5
21. Kg2 e5 22. Nf5 e4 23. Nd6+ Ke7 24. Nxc8+ Rxc8 25. Be2 Ne5 26. Qb2 Nf3
27. Nb3 Nxe1+ 28. Rxe1 Qc7 29. Rc1 Bf6 30. Qd2 Be6 31. Nc5 b6 32. Nxe6 fxe6
33. c4 Qe5 34. cxd5 Rxc1 35. d6+ Qxd6 36. Qxc1 Be5 37. Bxg4 Qd5 38. Be2 Bf6
39. Qc8 Be5 40. Bh5 Bf6 41. Qe8+ Kd6 42. Qf7 Be7 43. Bg4 Qe5 44. Qf4 Bg5 45.
Qxe5+ Kxe5 46. Kf1 Be7 47. Ke2 a5 48. bxa5 bxa5 49. a4 Bb4 50. Kd1 Kd6 51.
Ke2 Ke5 52. f4+ exf3+ 53. Bxf3 Bc5 54. Kd3 Bb6 55. g4 Bd8 56. Kc4 Bg5 57. e4
Bd2 58. Kd3 Bb4 59. Be2 Kf4 60. Bf3 Kxf3 61. Kd4 Kf4 {White forfeits on
time} 0-1

[Event "ICCopen2017"]
[Site "Internet Chess Club"]
[Date "2017.03.26"]
[Round "1"]
[White "vishweshk"]
[Black "lestri"]
[Result "1-0"]
[ICCResult "Black forfeits on time"]
[WhiteElo "1795"]
[BlackElo "2569"]
[Opening "Queen's Pawn"]
[ECO "A41"]
[NIC "QO.17"]
[Time "19:02:37"]
[TimeControl "180+0"]

1. d4 d6 2. e3 e5 3. dxe5 dxe5 4. Qxd8+ Kxd8 5. e4 c6 6. Nc3 Be6 7. Be3 Nd7
8. O-O-O Kc7 9. Nf3 f6 10. h3 g6 11. g4 a5 12. Be2 Nh6 13. g5 Nf7 14. gxf6
Nxf6 15. Ng5 Nxg5 16. Bxg5 Be7 17. Be3 Nd7 18. f3 Nc5 19. h4 h5 20. f4 Rhf8
21. fxe5 b5 22. Rhf1 b4 23. Bxc5 Bxc5 24. Na4 Be7 25. b3 Bh3 26. Rg1 Rf2 27.
Bc4 Bg4 28. Rdf1 Bxh4 29. Rxf2 Bxf2 30. Rf1 Rf8 31. Kb1 h4 32. e6 Kd6 33.
Nb6 Ke7 34. Nd7 Rf4 35. Ne5 Bh5 36. Nxc6+ Kd6 37. e7 g5 38. Be2 Be8 39. Bb5
Kc5 40. Na7 Bxb5 41. Nxb5 Rxe4 42. Nc7 Bd4 43. e8=Q Rxe8 44. Nxe8 g4 45.
Rf5+ Kc6 46. Rf4 g3 47. Rxh4 g2 48. Rg4 g1=Q+ 49. Rxg1 Bxg1 50. Nf6 Bd4 51.
Ne4 Kd5 52. Nd2 Bc3 53. Nf3 Ke4 54. Nh4 Bf6 55. Ng6 Kf5 56. Nf8 Bd4 57. Nd7
{Black forfeits on time}
1-0

[Event "ICCopen2017"]
[Site "Internet Chess Club"]
[Date "2017.03.26"]
[Round "1"]
[White "giovana64"]
[Black "Alright2015"]
[Result "1-0"]
[ICCResult "Black forfeits on time"]
[WhiteElo "1576"]
[BlackElo "2208"]
[Opening "Budapest defense"]
[ECO "A52"]
[NIC "QG.01"]
[Time "19:02:06"]
[TimeControl "180+0"]

1. d4 Nf6 2. c4 e5 3. dxe5 Ng4 4. e3 Nxe5 5. Nc3 Bc5 6. Nge2 d6 7. Nf4 O-O
8. Be2 Be6 9. b3 a5 10. a3 Nbc6 11. Bb2 Ng6 12. Nh5 Qg5 13. O-O f6 14. Ne4
Qh6 15. Nxc5 dxc5 16. Qc2 Qg5 17. Rad1 Nh4 18. Ng3 h5 19. f4 Qh6 20. Bxh5
Bf7 21. Bxf7+ Rxf7 22. Nf5 Nxf5 23. Qxf5 Re8 24. Rf3 b6 25. Rd7 Qh4 26. g3
Qh7 27. Qxh7+ Kxh7 28. Rxf7 Rc8 29. e4 Kg6 30. Rd7 Nb8 31. Rd1 Nc6 32. Kf2
a4 33. bxa4 Na5 34. Rc1 Ra8 35. h4 Nc6 36. f5+ Kf7 37. Rd3 Ke7 38. Kf3 Rxa4
39. Kf4 Na5 40. g4 Nxc4 41. Ba1 Nd6 42. Re1 c4 43. Rde3 b5 44. Bc3 Rxa3 45.
Bb4 Ra4 46. Bxd6+ cxd6 47. g5 fxg5+ 48. hxg5 Ra2 49. e5 Rf2+ 50. Kg4 Rg2+
51. Kh5 Rh2+ 52. Kg6 dxe5 53. Rxe5+ Kd6 54. Rxb5 c3 55. Rd1+ Kc6 56. Re5 c2
57. Rc1 Kd6 58. Re2 Rxe2 59. Kxg7 Kd5 60. f6 Kd4 61. f7 Rg2 62. g6 Kd3 63.
Rxc2 Kxc2 64. f8=Q Rf2 65. Qd8 Kc3 66. Qc8+ Kb2 67. Kh6 Rd2 68. Qb7+
{Black forfeits on time}
1-0

[Event "ICCopen2017"]
[Site "Internet Chess Club"]
[Date "2017.03.26"]
[Round "1"]
[White "GnowReopard"]
[Black "MasterMind"]
[Result "0-1"]
[ICCResult "White forfeits on time"]
[WhiteElo "2613"]
[BlackElo "1785"]
[Opening "Sicilian: Taimanov variation"]
[ECO "B48"]
[NIC "SI.40"]
[Time "19:02:30"]
[TimeControl "180+0"]

1. e4 c5 2. Nf3 e6 3. d4 cxd4 4. Nxd4 Nc6 5. Nc3 Qc7 6. Be3 a6 7. Qd2 Nf6 8.
f3 Be7 9. O-O-O b5 10. Kb1 h5 11. Bf4 e5 12. Nxc6 dxc6 13. Bg5 Be6 14. Bd3
a5 15. Ne2 a4 16. f4 Ng4 17. f5 Bc4 18. Bxc4 bxc4 19. Bxe7 Qxe7 20. Nc3 O-O
21. a3 Rab8 22. Qd6 Qb7 23. Nxa4 Nf2 24. Qxe5 Nxh1 25. Rxh1 Rfe8 26. Qd4 Qb5
27. Nc5 Red8 28. Qe5 Re8 29. Qd4 Red8 30. Qe5 Re8 31. Qd4 Rbd8 32. Qe3 Rb8
33. b4 cxb3 34. Nxb3 c5 35. Ka2 c4 36. Rb1 cxb3+ 37. Rxb3 Qc6 38. Qd3 Rxb3
39. cxb3 Rxe4 40. Qd8+ Kh7 41. Qd2 Qb5 42. Qc3 Re2+ 43. Ka1 Qd5 44. Qc1 Qd4+
45. Kb1 Rd2 46. Qc4 Rd1+ 47. Qc1 Qd2 48. Qxd1 Qxd1+ 49. Kb2 Qd2+
{White forfeits on time}
0-1

[Event "ICCopen2017"]
[Site "Internet Chess Club"]
[Date "2017.03.26"]
[Round "1"]
[White "LevAbramovich"]
[Black "sasukenakamura"]
[Result "0-1"]
[ICCResult "White forfeits on time"]
[WhiteElo "2149"]
[BlackElo "1564"]
[Opening "Sicilian: Najdorf, 7.f4"]
[ECO "B96"]
[NIC "SI.04"]
[Time "19:02:26"]
[TimeControl "180+0"]

1. e4 c5 2. Nf3 d6 3. d4 cxd4 4. Nxd4 Nf6 5. Nc3 a6 6. Bg5 e6 7. f4 Nc6 8.
Nb3 h6 9. Bh4 Be7 10. Qf3 Qc7 11. O-O-O b6 12. Bd3 Bb7 13. Rhe1 Nb4 14. Kb1
b5 15. Qe2 Nxd3 16. cxd3 O-O 17. Rc1 Qd7 18. g4 d5 19. e5 Nh7 20. Bxe7 Qxe7
21. Nd4 Rfc8 22. Qe3 Nf8 23. Nce2 Nd7 24. Rxc8+ Rxc8 25. Rc1 Nc5 26. f5 Na4
27. Rxc8+ Bxc8 28. b3 Qb4 29. Qc1 Bd7 30. Ka1 Nb6 31. Qc3 Qxc3+ 32. Nxc3 b4
33. Nce2 Kf8 34. Nf4 Ke7 35. h4 a5 36. Kb2 Nc8 37. Kc2 Na7 38. Kd2 Bc8 39.
Ke3 Bd7 40. fxe6 fxe6 41. g5 hxg5 42. hxg5 Bc8 43. g6 Bd7 44. Nh5 Kf8 45.
Kf4 Bc8 46. Kg5 Bd7 47. Nf4 Ke7 48. Nh5 Kf8 49. Ne2 Nb5 50. Kg4 Nc3 51. Nc1
Bb5 52. Nf4 Ke7 53. Kf3 d4 54. Nfe2 Bc6+ 55. Kf4 Nb5 56. Ng3 Bd5 57. Nce2
Nc3 58. Nc1 Nxa2 59. Nxa2 Bxb3 60. Nc1 Bd5 61. Nge2 b3 62. Nxb3 Bxb3 63.
Nxd4 Bd5 64. Ke3 a4 65. Kd2 a3 66. Kc3 a2 67. Kb2 Kd7 68. Ne2 Kc6 69. Nf4
Kc5 70. Ka1 Kd4 71. Kb2 Kxe5 72. Ne2 Kf5 73. Nc3 Kxg6 74. Ka1 Kf5 75. Ne2
Kg4 76. Kb2 Kf3 77. Nc1 Ke3 78. Ka1 Kd2 79. Kb2 g5 80. Nxa2 g4
{White forfeits on time}
0-1

[Event "ICCopen2017"]
[Site "Internet Chess Club"]
[Date "2017.03.26"]
[Round "1"]
[White "Ricardov"]
[Black "Chamanx"]
[Result "1-0"]
[ICCResult "Black forfeits on time"]
[WhiteElo "2189"]
[BlackElo "1520"]
[Opening "Giuoco Piano"]
[ECO "C54"]
[NIC "IG.02"]
[Time "19:02:49"]
[TimeControl "180+0"]

1. e4 e5 2. Nf3 Nc6 3. Bc4 Bc5 4. c3 Nf6 5. d3 O-O 6. Bb3 Be7 7. Nbd2 d6 8.
Nf1 Bg4 9. h3 Be6 10. Bc2 Qd7 11. Ng5 h6 12. Nxe6 fxe6 13. Ng3 d5 14. Qe2 d4
15. O-O Bc5 16. Ba4 a6 17. Bxc6 Qxc6 18. c4 b5 19. b3 a5 20. f4 exf4 21.
Bxf4 a4 22. Be5 Nd7 23. cxb5 Qxb5 24. Bxg7 Kxg7 25. Qg4+ Kh7 26. Qxe6 Rxf1+
27. Rxf1 Rf8 28. Rf7+ Rxf7 29. Qxf7+ Kh8 30. Qe8+ Bf8 31. bxa4 Qxa4 32. Nf5
Qd1+ 33. Kh2 Kh7 34. Qxd7+ Kh8 35. Qf7 Bd6+ 36. Nxd6 cxd6 37. Qf6+ Kh7 38.
Qxd4 Qe2 39. Qxd6 Qxa2 40. e5 Qa8 41. e6 Qe8 42. Qd7+ Qxd7 43. exd7 Kg6 44.
d8=Q Kh7 45. Qd4 Kg8 46. Qe5 Kh7 47. Kg3 Kg8 48. Kf4 Kh7 49. Kf5 Kg8 50. Kg6
Kf8 51. Qd6+ Kg8 52. Kf6 Kh7 53. Qe7+ {Black forfeits on time} 1-0

[Event "ICCopen2017"]
[Site "Internet Chess Club"]
[Date "2017.03.26"]
[Round "1"]
[White "ChessOlympian"]
[Black "Unico"]
[Result "0-1"]
[ICCResult "White forfeits on time"]
[WhiteElo "1632"]
[BlackElo "2437"]
[Opening "Sicilian: Canal-Sokolsky attack, Sokolsky variation"]
[ECO "B52"]
[NIC "SI.01"]
[Time "19:03:39"]
[TimeControl "180+0"]

1. e4 c5 2. Nf3 d6 3. Bb5+ Bd7 4. Bxd7+ Qxd7 5. c4 Nf6 6. Nc3 Nc6 7. d4 cxd4
8. Nxd4 Qg4 9. Qxg4 Nxg4 10. Nxc6 bxc6 11. h3 Ne5 12. b3 g6 13. Bd2 Bg7 14.
Ke2 Kd7 15. Rhd1 c5 16. Rac1 Nc6 17. Be3 Rhb8 18. f4 Bd4 19. Nb5 Bxe3 20.
Kxe3 a6 21. Nc3 Rb7 22. e5 Nd4 23. Ne4 a5 24. Nc3 dxe5 25. fxe5 Ke6 26. Ke4
h5 27. Na4 Rc8 28. Nxc5+ Rxc5 29. Rxd4 Rxe5+ 30. Kf3 a4 31. Rc3 Re1 32. c5
axb3 33. axb3 Rb1 34. Rdd3 Rc7 35. Rc4 f5 36. b4 g5 37. g3 g4+ 38. hxg4
hxg4+ 39. Kf4 Kf6 40. Re3 Rf1+ {White forfeits on time} 0-1

[Event "ICCopen2017"]
[Site "Internet Chess Club"]
[Date "2017.03.26"]
[Round "1"]
[White "tsedaka26"]
[Black "JJ12"]
[Result "0-1"]
[ICCResult "White forfeits on time"]
[WhiteElo "1594"]
[BlackElo "2353"]
[Opening "QGD: 3...Nf6"]
[ECO "D35"]
[NIC "QO.16"]
[Time "19:03:58"]
[TimeControl "180+0"]

1. d4 Nf6 2. c4 e6 3. Nc3 d5 4. g3 Be7 5. Bg2 O-O 6. Nf3 c6 7. O-O dxc4 8.
e4 b5 9. Qe2 Bb7 10. Bf4 Nbd7 11. Rad1 Qa5 12. Ne5 Rfd8 13. g4 c5 14. g5 Ne8
15. d5 Nxe5 16. Bxe5 b4 17. dxe6 bxc3 18. exf7+ Kxf7 19. Qxc4+ Kf8 20. Bxc3
Qa6 21. Qb3 c4 22. Qc2 Rd3 23. Rxd3 cxd3 24. Qd2 Qg6 25. Qxd3 Qxg5 26. f4
Qc5+ 27. Kh1 Rd8 28. Qh3 h6 29. e5 Bxg2+ 30. Qxg2 Qd5 31. Rf3 Qd1+ 32. Rf1
Qd5 33. Rf3 Nc7 34. f5 Bg5 35. f6 gxf6 36. exf6 Qd1+ 37. Rf1 Qd5 38. Rf3 Ne6
39. f7 Nf4 40. Qf1 Qd1 41. h4 Qxf1+ 42. Rxf1 Ne6 43. Rf2 Bxh4 44. Bb4+ Be7
45. Bxe7+ Kxe7 46. f8=Q+ Rxf8 47. Rh2 Rf6 48. Rh5 Kf7 49. Ra5 Rg6 50. Rxa7+
Kf6 51. Kh2 Rg5 52. Kh3 Rh5+ 53. Kg4 Rf5 54. Kg3 Rg5+ 55. Kf2 Rf5+ 56. Ke2
Re5+ 57. Kd2 Ng5 58. Kc3 Kf5 59. Kb4 Re6 60. Re7 Kg6 61. Rxe6+ Nxe6 62. Kc4
Kf5 63. Kd5 h5 64. Kc4 Nf4 65. Kd4 Ke6 66. Ke3 Nd5+ 67. Kf3 Nf6 68. Kg3 Kf5
69. Kh4 Kg6 {White forfeits on time} 0-1

[Event "ICCopen2017"]
[Site "Internet Chess Club"]
[Date "2017.03.26"]
[Round "1"]
[White "ural"]
[Black "bythebook"]
[Result "1-0"]
[ICCResult "Black forfeits on time"]
[WhiteElo "2380"]
[BlackElo "1605"]
[Opening "Caro-Kann defense"]
[ECO "B10"]
[NIC "CK.01"]
[Time "19:07:51"]
[TimeControl "180+0"]

1. e4 c6 2. b3 d5 3. Qe2 dxe4 4. Nc3 Nf6 5. Nxe4 Nxe4 6. Qxe4 Nd7 7. Bb2 Nf6
8. Qe5 Qd5 9. f4 Qxe5+ 10. fxe5 Nd5 11. O-O-O Bf5 12. Nf3 Nb4 13. Nd4 Bg6
14. a3 Nd5 15. e6 O-O-O 16. Bc4 c5 17. Nf3 Nb6 18. Ne5 Nxc4 19. bxc4 f6 20.
Nf3 Bh5 21. Rhe1 g5 22. h3 h6 23. g4 Bg6 24. d4 cxd4 25. Rxd4 Rxd4 26. Nxd4
Bg7 27. Nf5 Bxf5 28. gxf5 h5 29. Rg1 Bh6 30. Kb1 g4 31. hxg4 hxg4 32. Rxg4
Be3 33. Bc3 {Black forfeits on time} 1-0

[Event "ICCopen2017"]
[Site "Internet Chess Club"]
[Date "2017.03.26"]
[Round "1"]
[White "SeventhWill"]
[Black "WobblySquares"]
[Result "1-0"]
[ICCResult "Black resigns"]
[WhiteElo "2594"]
[BlackElo "1737"]
[Opening "Ruy Lopez: Cozio defense"]
[ECO "C60"]
[NIC "RL.04"]
[Time "19:09:33"]
[TimeControl "180+0"]

1. e4 e5 2. Nf3 Nc6 3. Bb5 Nge7 4. O-O g6 5. c3 Bg7 6. d4 O-O 7. d5 Nb8 8.
d6 cxd6 9. Qxd6 Nec6 10. Be3 Qe7 11. Qxe7 Nxe7 12. Nbd2 d6 13. Rad1 Be6 14.
Bc4 Nbc6 15. Bxe6 fxe6 16. Ng5 Nd8 17. Nc4 h6 18. Nf3 d5 19. exd5 Nxd5 20.
Bc5 Rf4 21. Ncxe5 Nf7 22. Nxf7 Kxf7 23. Rfe1 b6 24. Bd6 Rf5 25. c4 Nf4 26.
Bxf4 Rxf4 27. Rd7+ Kg8 28. Rxe6 Rxc4 29. h4 Rf4 30. Rxg6 Raf8 31. Rgxg7+
{Black resigns}
1-0

[Event "ICCopen2017"]
[Site "Internet Chess Club"]
[Date "2017.03.26"]
[Round "1"]
[White "xvs"]
[Black "erebuni2750"]
[Result "0-1"]
[ICCResult "White checkmated"]
[WhiteElo "1681"]
[BlackElo "2525"]
[Opening "Sicilian, Chekhover variation"]
[ECO "B53"]
[NIC "SI.02"]
[Time "19:09:38"]
[TimeControl "180+0"]

1. e4 c5 2. Nf3 d6 3. d4 cxd4 4. Qxd4 Nf6 5. Nc3 Nc6 6. Bb5 Bd7 7. Qd3 g6 8.
h3 Bg7 9. O-O O-O 10. Bg5 a6 11. Ba4 Rc8 12. a3 b5 13. Bb3 Na5 14. Nd2 Nxb3
15. Nxb3 Be6 16. Rfd1 Nd7 17. Qe3 Bxc3 18. bxc3 f6 19. Bh6 Re8 20. Nd4 Bf7
21. f4 Qc7 22. Ne2 Qc5 23. Kf2 Qxe3+ 24. Kxe3 Rc5 25. a4 Rh5 26. axb5 axb5
27. Ra7 Nc5 28. Ra5 Bc4 29. e5 Rxh6 30. Ng3 dxe5 31. fxe5 Rh4 32. Kf3 f5 33.
Nh1 Re4 34. Nf2 Be2+ 35. Kg3 Bxd1 36. Nxe4 Nxe4+ 37. Kh4 g5# {White
checkmated} 0-1

[Event "ICCopen2017"]
[Site "Internet Chess Club"]
[Date "2017.03.26"]
[Round "2"]
[White "Dictator"]
[Black "uggi"]
[Result "1-0"]
[ICCResult "Black resigns"]
[WhiteElo "2600"]
[BlackElo "1939"]
[Opening "King's Indian: Averbakh system"]
[ECO "E73"]
[NIC "KI.26"]
[Time "19:17:38"]
[TimeControl "180+0"]

1. d4 Nf6 2. c4 g6 3. Nc3 Bg7 4. e4 d6 5. Be2 O-O 6. Bg5 h6 7. Be3 Nbd7 8.
f4 e5 9. fxe5 dxe5 10. d5 Qe7 11. Nh3 Nc5 12. Qc2 a5 13. Nf2 Bd7 14. O-O c6
15. Rad1 cxd5 16. exd5 Bf5 17. Qc1 Qd7 18. Bxc5 {Black resigns} 1-0

[Event "ICCopen2017"]
[Site "Internet Chess Club"]
[Date "2017.03.26"]
[Round "2"]
[White "MDRAFE3"]
[Black "garompon"]
[Result "0-1"]
[ICCResult "White resigns"]
[WhiteElo "1960"]
[BlackElo "2582"]
[Opening "Trompowsky attack (Ruth, Opocenský opening)"]
[ECO "A45"]
[NIC "QP.07"]
[Time "19:17:58"]
[TimeControl "180+0"]

1. d4 Nf6 2. Bg5 e6 3. e4 c5 4. e5 h6 5. Bc1 Nd5 6. c4 Nc7 7. d5 d6 8. exd6
Bxd6 9. Nc3 exd5 10. cxd5 O-O 11. Nf3 b5 12. Nxb5 Nxb5 {White resigns} 0-1

[Event "ICCopen2017"]
[Site "Internet Chess Club"]
[Date "2017.03.26"]
[Round "2"]
[White "beertime"]
[Black "Darnoc"]
[Result "0-1"]
[ICCResult "White resigns"]
[WhiteElo "2076"]
[BlackElo "2911"]
[Opening "French: Tarrasch, open variation"]
[ECO "C07"]
[NIC "FR.19"]
[Time "19:17:55"]
[TimeControl "180+0"]

1. e4 e6 2. d4 d5 3. Nd2 c5 4. exd5 Qxd5 5. Ngf3 cxd4 6. Bc4 Qd6 7. O-O Nf6
8. Nb3 Nc6 9. Nbxd4 Nxd4 10. Nxd4 a6 11. h3 Be7 12. Bg5 Qc5 {White resigns}
0-1

[Event "ICCopen2017"]
[Site "Internet Chess Club"]
[Date "2017.03.26"]
[Round "2"]
[White "flatfiver"]
[Black "PITCHUS"]
[Result "0-1"]
[ICCResult "White resigns"]
[WhiteElo "1146"]
[BlackElo "1782"]
[Opening "Queen's pawn game"]
[ECO "D00"]
[NIC "QP.07"]
[Time "19:17:23"]
[TimeControl "180+0"]

1. d4 Nf6 2. Nc3 d5 3. f3 c6 4. e4 dxe4 5. fxe4 e5 6. dxe5 Qxd1+ 7. Kxd1 Ng4
8. Nh3 Nxe5 9. Bf4 Bg4+ 10. Be2 Bxe2+ 11. Kxe2 Ng6 12. Bxb8 Rxb8 13. Rad1
Bb4 14. Rd3 O-O 15. Rhd1 Rfe8 16. Ke3 f5 17. a3 Bxc3 18. Rxc3 Rxe4+ 19. Kf3
Rbe8 20. Rcd3 Ne5+ {White resigns} 0-1

[Event "ICCopen2017"]
[Site "Internet Chess Club"]
[Date "2017.03.26"]
[Round "2"]
[White "volver"]
[Black "Baerenstarker"]
[Result "0-1"]
[ICCResult "White resigns"]
[WhiteElo "1438"]
[BlackElo "1827"]
[Opening "Queen's pawn: Yusupov-Rubinstein system"]
[ECO "A46"]
[NIC "QP.06"]
[Time "19:16:53"]
[TimeControl "180+0"]

1. d4 Nf6 2. Nf3 e6 3. e3 c5 4. c3 b6 5. Bd3 Bb7 6. Nbd2 cxd4 7. cxd4 Be7 8.
O-O O-O 9. Re1 d5 10. e4 dxe4 11. Nxe4 Nbd7 12. Bf4 Nxe4 13. Bxe4 Bxe4 14.
Rxe4 Nf6 15. Re1 Rc8 16. Rc1 Qd5 17. b3 Ba3 18. Rc2 Qf5 19. Rxc8 Rxc8 20.
Be3 Nd5 21. Qd2 Rc2 22. Qd1 Rxa2 23. Ne5 Nxe3 24. fxe3 Qf2+ {White resigns}
0-1

[Event "ICCopen2017"]
[Site "Internet Chess Club"]
[Date "2017.03.26"]
[Round "2"]
[White "imabeast"]
[Black "kaimann"]
[Result "1-0"]
[ICCResult "Black resigns"]
[WhiteElo "2650"]
[BlackElo "1945"]
[Opening "Alekhine's defense: exchange variation"]
[ECO "B03"]
[NIC "AL.08"]
[Time "19:17:33"]
[TimeControl "180+0"]

1. e4 Nf6 2. e5 Nd5 3. d4 Nb6 4. c4 d6 5. exd6 exd6 6. Nc3 Bf5 7. Nf3 Be7 8.
Be2 Nc6 9. d5 Ne5 10. Nd4 Bg6 11. f4 Nexc4 12. Bxc4 Nxc4 13. Qa4+ Qd7 14.
Qxc4 O-O 15. O-O f6 16. f5 Bf7 17. Ne6 Rfc8 18. Bf4 c6 19. Rad1 cxd5 20.
Qxd5 Rc5 21. Nxc5 Bxd5 22. Nxd7 Bc4 23. Rfe1 Bf8 24. Rd4 Ba6 25. Bxd6 Bxd6
26. Rxd6 Kf7 27. Nd5 Re8 28. Rxe8 Kxe8 29. Nc5 {Black resigns} 1-0

[Event "ICCopen2017"]
[Site "Internet Chess Club"]
[Date "2017.03.26"]
[Round "2"]
[White "BUHO64"]
[Black "BlueGreen"]
[Result "0-1"]
[ICCResult "White resigns"]
[WhiteElo "2009"]
[BlackElo "2733"]
[Opening "Ruy Lopez: 5.O-O"]
[ECO "C78"]
[NIC "RL.12"]
[Time "19:17:10"]
[TimeControl "180+0"]

1. e4 e5 2. Nf3 Nc6 3. Bb5 a6 4. Ba4 Nf6 5. O-O b5 6. Bb3 Be7 7. h3 O-O 8.
d3 Bb7 9. Re1 d6 10. c3 Qd7 11. Nbd2 Rad8 12. Nf1 Na5 13. Bc2 c5 14. Ng3 g6
15. Bh6 Rfe8 16. a4 b4 17. Qd2 b3 18. Bb1 c4 19. d4 Bf8 20. d5 Bxh6 21. Qxh6
Qe7 22. Nh4 Qf8 23. Qg5 Qg7 24. Rf1 Bc8 25. f4 h6 26. fxe5 hxg5 27. exf6
gxh4 28. fxg7 hxg3 29. e5 Rxe5 30. Rf3 Re1+ 31. Rf1 Rxf1+ 32. Kxf1 Re8
{White resigns}
0-1

[Event "ICCopen2017"]
[Site "Internet Chess Club"]
[Date "2017.03.26"]
[Round "2"]
[White "jbow79"]
[Black "shredded"]
[Result "0-1"]
[ICCResult "White resigns"]
[WhiteElo "985"]
[BlackElo "2741"]
[Opening "Queen's pawn game"]
[ECO "A46"]
[NIC "QP.06"]
[Time "19:17:14"]
[TimeControl "180+0"]

1. d4 Nf6 2. Nf3 e6 3. g3 b6 4. Bg2 Bb7 5. O-O Be7 6. Bg5 O-O 7. c3 h6 8.
Bxf6 Bxf6 9. Nbd2 c5 10. Nc4 cxd4 11. cxd4 d6 12. e3 b5 13. Na3 a6 14. Rc1
Nd7 15. Qe2 Qb6 16. Rc2 Be4 17. Rc3 b4 18. Nc4 Qb5 19. Rcc1 d5 20. Nd6 Qxe2
{White resigns}
0-1

[Event "ICCopen2017"]
[Site "Internet Chess Club"]
[Date "2017.03.26"]
[Round "2"]
[White "ibarra"]
[Black "arshavin2015"]
[Result "1-0"]
[ICCResult "Black resigns"]
[WhiteElo "2762"]
[BlackElo "1965"]
[Opening "Robatsch (modern) defense"]
[ECO "B06"]
[NIC "KF.05"]
[Time "19:17:30"]
[TimeControl "180+0"]

1. e4 g6 2. d4 Bg7 3. Nf3 c5 4. Nc3 Qa5 5. Be3 Nf6 6. Qd2 cxd4 7. Nxd4 Nc6
8. f3 d6 9. O-O-O Bd7 10. Kb1 a6 11. g4 O-O 12. h4 h5 13. gxh5 Nxh5 14. Rg1
Rac8 15. Rg5 b5 16. Nxc6 Bxc6 17. Nd5 Qd8 18. Rxh5 Bxd5 19. Rxd5 Qc7 20. h5
Rfd8 21. hxg6 fxg6 22. Bh3 Rb8 23. Be6+ Kf8 24. Bh6 b4 25. Qf4+ {Black
resigns} 1-0